 Dungeon Crawl Stone Soup version 0.15-a0-481-g5350d32 (webtiles) character file.

1062 Quh the Archer (level 8, 0/52 HPs)
             Began as a High Elf Hunter on May 8, 2014.
             Was a Follower of Okawaru.
             Slain by a gnoll
             ... wielding a +0,+0 halberd
              (3 damage)
             ... on Level 5 of the Dungeon.
             The game lasted 00:43:00 (7215 turns).

Quh the Archer (High Elf Hunter)                    Turns: 7215, Time: 00:43:00

HP   0/52        AC  8     Str 13      XL: 8   Next:  6%
MP  17/17        EV  7     Int 15      God: Okawaru [*.....]
Gold 301         SH  0     Dex 16      Spells:  0 memorised,  7 levels left

rFire  . . .     SeeInvis +     a - +0,+2 short sword (venom)
rCold  . . .     Clarity  .     g - +0 scale mail
rNeg   . . .     Conserve .     (no shield)
rPois  .         rCorr    .     (no helmet)
rElec  .         rRot     .     (no cloak)
SustAb . .       Spirit   .     (no gloves)
rMut   .         Warding  .     i - +1 pair of boots
Saprov . . .     Stasis   .     z - amulet of faith
MR     .....                    q - ring of see invisible
                                j - cursed ring of stealth

@: about to teleport, not resistant to hostile enchantments, very unstealthy
A: no striking features
a: Heroism, Renounce Religion


You were on level 5 of the Dungeon.
You worshipped Okawaru.
Okawaru was aware of your devotion.
You were hungry.

You visited 1 branch of the dungeon, and saw 5 of its levels.

You collected 301 gold pieces.

Inventory:

Hand weapons
 a - a +0,+2 short sword of venom (weapon)
 b - a +1,+1 shortbow
 x - a +1,+0 dagger of speed
 F - a +1,+2 dagger of protection
 G - a +0,+0 falchion
 L - a +0,+0 falchion
Missiles
 c - 20 arrows
 k - 14 bolts of frost
 p - 45 darts
 r - 2 exploding darts (quivered)
Armour
 d - a +0 leather armour
 g - a +0 scale mail (worn)
 i - a +1 pair of boots (worn)
Magical devices
 K - a wand of slowing (0)
 M - a wand of magic darts (4) {unknown}
Comestibles
 f - 5 bread rations
 o - 3 chokos
 t - 3 meat rations
Scrolls
 e - a scroll of teleportation
 h - a scroll of blinking
 y - a scroll of noise {unknown}
 C - a scroll of remove curse
 D - 2 scrolls of identify
 E - a scroll of fog {unknown}
 J - a scroll of enchant armour
Jewellery
 j - a cursed ring of stealth (left hand)
 n - an uncursed ring of regeneration
 q - a ring of see invisible (right hand)
 u - an uncursed ring of regeneration
 z - an amulet of faith (around neck)
 H - a +4 ring of evasion {unknown}
Potions
 l - 3 potions of curing
 m - a potion of resistance {unknown}
 s - a potion of invisibility {unknown}
 v - 2 potions of mutation
 w - a potion of might {unknown}
 A - a potion of degeneration {unknown}
 B - 2 potions of restore abilities {unknown}
 I - a potion of haste {unknown}


   Skills:
 * Level 3.3 Fighting
 * Level 11.7 Bows
 - Level 2.1 Dodging
 - Level 1.1 Stealth
 + Level 3.1 Invocations


You had 7 spell levels left.
You didn't know any spells.

Dungeon Overview and Level Annotations

Branches:
Dungeon (5/15)
 Temple: D:4-7

Altars:
Cheibriados
Makhleb
Okawaru
Vehumet
Xom
Yredelemnul
Zin
The Shining One

Annotations:
D:5 Dowan


Message History

Okawaru accepts your kill.
You hit the gnoll.
The gnoll is poisoned.
The gnoll is lightly wounded.
The gnoll barely misses you. The gnoll hits you with a halberd!
The gnoll hits you with a halberd!
* * * LOW HITPOINT WARNING * * *
You hit the gnoll.
The gnoll is poisoned.
The gnoll is lightly wounded.
Drink which item? (? for menu, Esc to quit)
Okay, then.
Read which item? (? for menu, Esc to quit)
As you read the scroll of teleportation, it crumbles to dust.
You feel strangely unstable. The gnoll closely misses you.
The gnoll hits you with a halberd!
* * * LOW HITPOINT WARNING * * *
The gnoll hits you with a halberd.
* * * LOW HITPOINT WARNING * * *
The gnoll hits you with a halberd.
You die...

... ....≈≈≈ #....≈≈≈
#....≈≈# #....≈≈#
#....≈≈# #....≈≈###
#....≈≈≈.# #...g@≈≈.#
#...gg≈≈.# #....≈≈≈.#
#.P..≈≈≈.# #....≈≈≈.#.
#....≈≈≈.#.#.
#....≈≈≈.#..
#....%≈###'#
#...P≈≈#...###########


You could see 3 gnolls.

Vanquished Creatures
  Eustachio (D:4)
  An ogre (D:4)
  Duvessa (D:5)
  3 hounds (D:4)
  A gnoll shaman (D:5)
  An iguana (D:5)
  An orc priest (D:4)
  Natasha (thrice) (D:4)
  A giant frog skeleton (D:5)
  3 orc wizards (D:4)
  3 worker ants
  12 gnolls
  8 adders
  2 inept feature mimics
  3 giant mites
  2 worms
  4 giant geckos
  An ooze (D:2)
  20 orcs
  16 bats
  6 giant cockroaches
  10 goblins
  11 hobgoblins
  12 jackals
  8 kobolds
  4 quokkas
  A ball python (D:1)
  7 giant newts
  16 rats
162 creatures vanquished.

Notes
Turn   | Place    | Note
--------------------------------------------------------------
     0 | D:1      | Quh, the High Elf Hunter, began the quest for the Orb.
     0 | D:1      | Reached XP level 1. HP: 13/13 MP: 2/2
   575 | D:1      | Reached XP level 2. HP: 16/18 MP: 3/3
   644 | D:1      | Reached skill level 6 in Bows
  1471 | D:2      | Reached XP level 3. HP: 16/23 MP: 5/5
  1682 | D:2      | Reached skill level 7 in Bows
  1808 | D:2      | Reached XP level 4. HP: 28/28 MP: 7/7
  2441 | D:2      | Reached skill level 8 in Bows
  2574 | D:2      | Found a basalt altar of Yredelemnul.
  3394 | D:3      | Reached XP level 5. HP: 33/33 MP: 8/8
  3458 | D:3      | Found a glowing drain.
  3683 | D:3      | Found a shimmering altar of Xom.
  3683 | D:3      | Found a shimmering altar of Xom.
  3686 | D:3      | Found a shimmering altar of Xom.
  4045 | D:3      | Reached skill level 9 in Bows
  4076 | D:3      | Found a burning altar of Makhleb.
  4574 | D:3      | Found a shimmering altar of Xom.
  4574 | D:3      | Found a shimmering altar of Xom.
  4858 | D:4      | Reached XP level 6. HP: 25/38 MP: 10/10
  5019 | D:4      | Reached skill level 10 in Bows
  5131 | D:4      | Noticed Eustachio
  5138 | D:4      | Noticed an ogre
  5151 | D:4      | Found a radiant altar of Vehumet.
  5155 | D:5      | Entered Level 5 of the Dungeon
  5167 | D:5      | Found an iron altar of Okawaru.
  5172 | D:5      | Became a worshipper of Warmaster Okawaru
  5643 | D:4      | Killed an ogre
  5643 | D:4      | Reached skill level 1 in Invocations
  5643 | D:4      | Reached XP level 7. HP: 43/43 MP: 11/13
  5695 | D:4      | Found a glowing golden altar of the Shining One.
  5744 | D:4      | Noticed Natasha
  5752 | D:4      | Killed Natasha
  5832 | D:4      | Noticed Natasha
  5840 | D:4      | Killed Natasha
  5840 | D:4      | Reached skill level 11 in Bows
  5875 | D:4      | Found a glowing silver altar of Zin.
  5875 | D:4      | Found a snail-covered altar of Cheibriados.
  5927 | D:4      | Killed Eustachio
  5927 | D:4      | Acquired Okawaru's first power
  5939 | D:4      | Noticed Natasha
  5948 | D:4      | Killed Natasha
  5983 | D:4      | HP: 1/45 [orc/flail (6)]
  6862 | D:5      | Noticed Duvessa
  6863 | D:5      | Noticed Dowan
  6889 | D:5      | Killed Duvessa
  6956 | D:5      | Reached XP level 8. HP: 38/52 MP: 17/17
  7215 | D:5      | Slain by a gnoll

Action                   |  1- 3 |  4- 6 |  7- 9 || total
-------------------------+-------+-------+-------++-------
Melee: Short sword       |    99 |   495 |    82 ||   676
       Dagger            |       |    62 |       ||    62
       Falchion          |       |       |    38 ||    38
 Fire: Shortbow          |    39 |    94 |    45 ||   178
Throw: Dart              |       |       |     1 ||     1
  Use: Scroll            |     2 |     5 |     3 ||    10
       Potion            |       |     1 |     1 ||     2
